 Dungeon Crawl Stone Soup version 0.29.1-1-gd02db6906a (console) character file.

Game seed: 5804540649214405070

8110 om the Cleaver (level 11, -5/86 HPs)
             Began as a Minotaur Fighter on Oct 11, 2022.
             Was an Initiate of Gozag.
             Slain by a hornet (9 damage)
             ... while paralysed by a hornet
             ... on level 9 of the Dungeon.
             The game lasted 00:17:07 (14787 turns).

om the Cleaver (Minotaur Fighter)                  Turns: 14787, Time: 00:17:08

Health: -5/86      AC:  8    Str: 25    XL:     11   Next: 5%
Magic:  10/10      EV:  2    Int:  5    God:    Gozag
Gold:   1429       SH:  0    Dex: 10    Spells: 10/10 levels left

rFire   . . .      SeeInvis +   a - +1 war axe
rCold   . . .      Faith    .   B - +0 kite shield
rNeg    . . .      Spirit   .   b - +0 scale mail
rPois   .          Reflect  .   (helmet restricted)
rElec   .          Harm     .   (no cloak)
rCorr   .          Rampage  .   (no gloves)
Will    .....                   (no boots)
Stlth   ..........              (no amulet)
HPRegen 0.24/turn               n - ring of see invisible
MPRegen 0.12/turn               q - +4 ring of evasion

@: paralysed
A: horns 2, retaliatory headbutt
a: Renounce Religion, Potion Petition, Call Merchant, Bribe Branch


You were on level 9 of the Dungeon.
You worshipped Gozag.
Gozag was most pleased with you.
You visited 1 branch of the dungeon, and saw 10 of its levels.
You also visited: Sewer.

You collected 1929 gold pieces.
You paid 500 gold pieces to Gozag.

Inventory:

Hand Weapons
 a - a +1 war axe (weapon)
 F - a +7 flail of protection
Armour
 b - a +0 scale mail (worn)
 B - a +0 kite shield (worn)
Jewellery
 c - a +6 ring of strength
 n - a ring of see invisible (left hand)
 q - a +4 ring of evasion (right hand)
 r - a ring of willpower
 x - a ring of willpower
 G - a +6 ring of intelligence
 H - a ring of resist corrosion
Wands
 d - a wand of digging (5)
 f - a wand of flame (42)
 A - a wand of polymorph (1)
 D - a wand of mindburst (30)
 J - a wand of paralysis (10)
Scrolls
 g - 3 scrolls of fear
 h - a scroll of vulnerability
 i - a scroll of teleportation
 l - a scroll of noise
 m - 2 scrolls of poison
 o - a scroll of butterflies
 u - 3 scrolls of enchant weapon
 w - 2 scrolls of immolation
 K - 2 scrolls of enchant armour
Potions
 e - 6 potions of curing
 k - 2 potions of haste
 p - a potion of invisibility
 s - 2 potions of magic
 t - a potion of resistance {unknown}
 v - a potion of brilliance
 z - a potion of ambrosia {unknown}
 C - a potion of flight {unknown}


   Skills:
 - Level 5.0 Fighting
 * Level 14.4 Axes
 + Level 7.7 Armour
 - Level 7.0 Dodging
 - Level 8.0 Shields
 - Level 5.0 Evocations


You had 10 spell levels left.
You didn't know any spells.
Your spell library contained the following spells:

 Spells                   Type           Power      Damage    Failure   Level
 Magic Dart               Conj           0%         1d3       96%         1
 Call Imp                 Summ           0%         N/A       99%         2
 Poisonous Vapours        Pois/Air       0%         N/A       99%         2
 Mephitic Cloud           Conj/Pois/Air  0%         N/A       100%        3
 Dispel Undead            Necr           0%         3d6       100%        4
 Death Channel            Necr           0%         N/A       100%        6
 Corpse Rot               Necr/Pois/Air  Unusable   N/A       N/A         4

Dungeon Overview and Level Annotations

Branches:
Dungeon (10/15)            Temple (0/1) D:4            Lair (0/5) D:8
    Orc (0/2) D:9           Sewer (visited)

Altars:
Gozag
Nemelex Xobeh
Qazlal
Uskayaw
Vehumet
Wu Jian
Xom


Innate Abilities, Weirdness & Mutations

You have a pair of horns on your head.
You reflexively headbutt those who attack you in melee.


Message History

The hornet is lightly wounded.
The hornet stings you.
You are poisoned.
You feel yourself slow down. You block the hornet's attack.
You slash the hornet! Your headbutt misses the hornet.
The hornet is heavily wounded.
You feel yourself speed up.
You feel very sick. You block the hornet's attack.
You closely miss the hornet. Your headbutt misses the hornet.
The hornet is heavily wounded.
You feel sick. The hornet stings you.
* * * LOW HITPOINT WARNING * * *
You are more poisoned.
You feel yourself slow down. You block the hornet's attack.
You miss the hornet.
The hornet is heavily wounded.
You feel very sick. The hornet barely misses you.
The hornet stings you but does no damage.
You feel better.
You feel yourself speed up. You block the hornet's attack.
The hornet stings you!
* * * LOW HITPOINT WARNING * * *
You feel yourself slow down.
You miss the hornet.
The hornet is heavily wounded.
You block the hornet's attack. x2
You closely miss the hornet.
The hornet is heavily wounded.
You feel yourself speed up.
The hornet stings you but does no damage. x2
You slash the hornet!
The hornet is almost dead.
The hornet stings you!
* * * LOW HITPOINT WARNING * * *
You suddenly lose the ability to move!
The hornet stings you!
You die...
Your body crumbles into a pile of gold.

).......#..........<...##.##.#
#####.#...#..........####.##.#
##.##.##.##.#.######## #.##.#
#.#.#.##.##.#.## #.##.#
...............# #######.##.#
#.#.####.####..# #.>........#
.........# #>[# #.#####.####
########## #)c####.# #.#
#.cy@...# #.# #.####### #.#
#.###########.#
#.............#
###############


You could see a yaktaur, a hornet and a centaur.

Vanquished Creatures
  Maggie (D:6)
  A yaktaur (D:9)
  A troll (D:9)
  Grinder (D:5)
  A hornet (D:8)
  Sigmund (D:2)
  A wraith (D:7)
  A vampire (D:9)
  11 yaks
  A steam dragon (D:9)
  Menkaure (D:6)
  A warg (D:9)
  Edmund (D:6)
  An acid dragon (D:9)
  4 water moccasins
  3 orc warriors
  5 sky beasts
  4 ice beasts
  2 black bears
  4 wolves
  2 ogres
  A centaur (D:7)
  A phantom (D:6)
  7 bullfrogs
  2 scorpions
  5 killer bees (D:7)
  3 howler monkeys (D:9)
  4 jellies
  3 gnoll boudas
  2 hounds (D:7)
  3 orc priests
  9 orc wizards
  3 iguanas
  15 gnolls
  12 adders
  2 white imps
  2 ufetubi
  2 worms (D:3)
  3 dart slugs
  26 orcs
  4 bats
  9 endoplasms
  16 giant cockroaches
  6 goblins
  8 hobgoblins
  10 kobolds
  3 quokkas
  10 ball pythons
  17 frilled lizards
  4 rats
240 creatures vanquished.

Vanquished Creatures (others)
  39 fungi (D:8)
  46 plants (D:8)
85 creatures vanquished.

Grand Total: 325 creatures vanquished

Notes
Turn   | Place    | Note
-------+----------+-------------------------------------------
     0 | D:1      | om the Minotaur Fighter began the quest for the Orb.
     0 | D:1      | Reached XP level 1. HP: 19/19 MP: 0/0
   392 | D:1      | Found a faded altar of an unknown god.
   421 | D:1      | Reached XP level 2. HP: 27/27 MP: 1/1
  1155 | D:1      | Reached XP level 3. HP: 33/33 MP: 2/2
  1472 | D:2      | Noticed Sigmund
  1499 | D:2      | Killed Sigmund
  1500 | D:2      | Reached skill level 3 in Axes
  1500 | D:2      | Reached skill level 5 in Shields
  1500 | D:2      | Reached XP level 4. HP: 32/40 MP: 3/3
  1500 | D:2      | Reached XP level 5. HP: 37/46 MP: 4/4
  2577 | D:3      | Reached skill level 4 in Axes
  2869 | D:3      | Reached XP level 6. HP: 52/52 MP: 5/5
  2981 | D:3      | Found a hide-covered altar of Uskayaw.
  2981 | D:3      | Found an ornate altar of the Wu Jian Council.
  2988 | D:3      | Found a stormy altar of Qazlal.
  2990 | D:3      | Found an opulent altar of Gozag.
  2992 | D:3      | Found a shimmering altar of Xom.
  2996 | D:3      | Became a worshipper of Gozag Ym Sagoz the Greedy
  3301 | D:4      | Reached skill level 5 in Axes
  3718 | D:4      | Found a staircase to the Ecumenical Temple.
  3920 | D:5      | Entered Level 5 of the Dungeon
  4129 | D:5      | Found a glowing drain.
  4133 | Sewer    | Entered a sewer
  4354 | Sewer    | Reached XP level 7. HP: 59/59 MP: 6/6
  4368 | Sewer    | Reached skill level 6 in Axes
  4717 | D:5      | Reached skill level 7 in Axes
  4813 | D:5      | Noticed Grinder
  4814 | D:5      | Paralysed by Grinder for 2 turns
  4823 | D:5      | Killed Grinder
  4824 | D:5      | Reached skill level 8 in Axes
  4907 | D:5      | Reached XP level 8. HP: 60/66 MP: 7/7
  4956 | D:5      | Reached skill level 9 in Axes
  5268 | D:6      | Noticed Maggie
  5290 | D:6      | Killed Maggie
  5291 | D:6      | Reached skill level 10 in Axes
  5291 | D:6      | Reached skill level 5 in Fighting
  5291 | D:6      | Reached skill level 1 in Evocations
  5369 | D:6      | Found a radiant altar of Vehumet.
  5776 | D:6      | Noticed Menkaure
  5786 | D:6      | Killed Menkaure
  6238 | D:6      | Reached skill level 5 in Armour
  6238 | D:6      | Reached XP level 9. HP: 74/74 MP: 8/8
  6330 | D:6      | Noticed Edmund
  6345 | D:6      | Killed Edmund
  6873 | D:7      | Reached skill level 5 in Dodging
  8239 | D:7      | Found a sparkling altar of Nemelex Xobeh.
  8348 | D:8      | Noticed Grum
  8361 | D:7      | Reached skill level 5 in Evocations
  8588 | D:7      | Noticed Grum
  8588 | D:7      | Grum changed into Grum the jelly
  8592 | D:7      | Killed Grum the jelly
  9441 | D:7      | Reached XP level 10. HP: 81/81 MP: 9/9
  9805 | D:8      | Reached skill level 11 in Axes
  9992 | D:8      | Found a staircase to the Lair.
 10568 | D:8      | Reached skill level 12 in Axes
 10867 | D:9      | Reached skill level 13 in Axes
 11850 | D:9      | You fall into a shaft and drop 1 floor!
 11850 | D:10     | Entered Level 10 of the Dungeon
 11863 | D:10     | Noticed a two-headed ogre
 11889 | D:10     | Noticed a gargoyle
 12496 | D:9      | Found a staircase to the Orcish Mines.
 12820 | D:9      | Reached skill level 14 in Axes
 13233 | D:9      | Found a staircase to the Orcish Mines.
 14420 | D:9      | Found a staircase to the Orcish Mines.
 14448 | D:9      | Reached XP level 11. HP: 75/86 MP: 10/10
 14769 | D:10     | Paralysed by a hornet for 3 turns
 14786 | D:9      | HP: 4/86 [hornet (13)]
 14786 | D:9      | Paralysed by a hornet for 3 turns
 14787 | D:9      | Slain by a hornet

Illustrated notes

Levels and vault maps discovered:
D:1:      onia_arrival_mini_maze_b, layout_basic, serial_curves, eino_curves_01,
          eino_curves_01, hellmonk_ecumenical_altar_inner_sanctum
D:2:      layout_loops_ring, uniq_sigmund
D:3:      layout_loops_cross, chequers_temple_overflow_minitemple
D:4:      layout_rooms, lemuel_temple_firewalk_b
D:5:      layout_cave_pools, gup_sewer_entry_bowl, dk_vineyard_2, uniq_grinder
D:6:      layout_gridville, nicolae_vehumet_radiance, grunt_decor_fettered,
          uniq_edmund, uniq_menkaure, uniq_maggie
D:7:      layout_loops_ring, nemelex_spade_bored_becter, corexii_hall_statues_x
D:8:      layout_cave_pools, due_lair_maze_entry_diamond, uniq_grum
D:9:      layout_loops_ring, erik_orc_3
D:10:     layout_irregular_city, cheibriados_altar_2, grunt_potential

Skill      XL: |  1  2  3  4  5  6  7  8  9 10 |
---------------+-------------------------------+-----
Shields        | 4 5 6 8 |  8.0
Fighting       | 4 5 |  5.0
Axes           | 3 4 5 8 10 14 | 14.4
Armour         | 4 5 7 |  7.7
Dodging        | 2 4 7 |  7.0
Evocations     | 2 5 |  5.0

Action                   |  1- 3 |  4- 6 |  7- 9 | 10-12 || total
-------------------------+-------+-------+-------+-------++-------
Melee: War axe           |    65 |   145 |   272 |   235 ||   717
       Headbutt          |     7 |    20 |    40 |    56 ||   123
       Unarmed           |       |       |    11 |       ||    11
Invok: Potion Petition   |       |       |     2 |       ||     2
Evoke: Wand              |       |       |     5 |       ||     5
  Use: Potion            |     2 |       |     2 |     7 ||    11
       Scroll            |     1 |     9 |     4 |     8 ||    22
 Stab: Distracted        |       |       |     1 |     1 ||     2
       Confused          |       |       |     2 |       ||     2
Armor: Scale mail        |    28 |    35 |    59 |    63 ||   185
       Skin              |       |       |    14 |       ||    14
Dodge: Dodged            |    30 |    94 |   170 |   133 ||   427
Block: Buckler           |    14 |    34 |    14 |       ||    62
       Kite shield       |       |       |   131 |   151 ||   282
